 Dungeon Crawl Stone Soup version 0.29.1-14-g9c671dbff4 (webtiles) character file.

Game seed: 15407535408432383519

4140 protoss039 the Digger (level 10, 0/79 HPs)
             Began as a Demonspawn Earth Elementalist on Feb 19, 2023.
             Was a Believer of Vehumet.
             Slain by an orc warrior
             ... wielding a +0 war axe
              (18 damage)
             ... in a bailey.
             The game lasted 00:12:59 (6762 turns).

protoss039 the Digger (DsEE)                        Turns: 6762, Time: 00:12:59

Health: 0/79       AC: 10    Str:  8    XL:     10   Next: 7%
Magic:  0/20       EV: 12    Int: 20    God:    Vehumet [**....]
Gold:   609        SH:  0    Dex: 19    Spells: 16/22 levels left

rFire   . . .      SeeInvis .   u - +9 flail of Untimely Demise {spect, rC+ Dex+4}
rCold   + + .      Faith    .   (no shield)
rNeg    . . .      Spirit   +   d - +0 leather armour
rPois   .          Reflect  .   (no helmet)
rElec   .          Harm     .   g - +0 cloak
rCorr   .          Rampage  .   c - +0 pair of gloves
Will    .....                   s - +2 pair of boots
Stlth   ++........              (no amulet)
HPRegen 0.23/turn               m - +4 ring of slaying
MPRegen 0.34/turn               o - ring of protection from cold

@: no status effects
A: molten scales 1, magic shield, magic regeneration, weakness stinger 2
a: Renounce Religion


You were in a bailey.
You worshipped Vehumet.
Vehumet was pleased with you.
You visited 2 branches of the dungeon, and saw 8 of its levels.
You also visited: Bailey.

You collected 882 gold pieces.
You spent 273 gold pieces at shops.

Inventory:

Hand Weapons
 b - a +3 flail of venom
 i - a +1 short sword of draining
 u - the +9 flail of Untimely Demise (weapon) {spect, rC+ Dex+4}
   (You found it on level 5 of the Dungeon)

   When its wielder attacks, the weapon's spirit leaps out and strikes again.
   The spirit shares a part of any damage it takes with its wielder.
   Dex:       It affects your dexterity (+4).
   rC:        It protects you from cold.
 w - a +5 vorpal sling
Missiles
 t - 2 throwing nets
Armour
 c - a +0 pair of gloves (worn)
 d - a +0 leather armour (worn)
 g - a +0 cloak (worn)
 s - a +2 pair of boots (worn)
Jewellery
 m - a +4 ring of slaying (left hand)
 o - a ring of protection from cold (right hand)
 G - a ring of see invisible
Wands
 p - a wand of mindburst (17)
 C - a wand of flame (10)
Scrolls
 a - a scroll of summoning
 h - a scroll of identify
 j - a scroll of fear
 k - a scroll of immolation
 q - 2 scrolls of enchant armour
 v - a scroll of magic mapping
 A - a scroll of amnesia {unknown}
 E - a scroll of blinking {unknown}
Potions
 e - a potion of heal wounds {unknown}
 f - 2 potions of curing
 l - a potion of cancellation {unknown}
 n - 2 potions of resistance {unknown}
 r - 2 potions of brilliance
 x - 2 potions of mutation {unknown}
 z - a potion of degeneration {unknown}
 B - a potion of lignification {unknown}
 D - a potion of might
 F - 2 potions of invisibility {unknown}


   Skills:
 + Level 7.0 Fighting
 - Level 3.0 Armour
 - Level 1.7 Dodging
 - Level 1.7 Stealth
 + Level 6.8 Spellcasting
 + Level 6.7 Conjurations
 - Level 0.8 Transmutations
 + Level 7.1 Earth Magic


You had 16 spell levels left.
You knew the following spells:

 Your Spells              Type           Power      Damage    Failure   Level
a - Sandblast             Erth           70%        2d15      1%          1
b - Passwall              Tmut/Erth      18%        N/A       4%          2
c - Stone Arrow           Conj/Erth      68%        3d11      2%          3

Your spell library contained the following spells:

 Spells                   Type           Power      Damage    Failure   Level
 Poisonous Vapours        Pois/Air       12%        N/A       21%         2
 Freeze                   Ice            24%        1d5       14%         1
 Petrify                  Tmut/Erth      22%        N/A       26%         4
 Hailstorm                Conj/Ice       20%        3d6       32%         4
 Frozen Ramparts          Ice            12%        1d2       38%         3
 Gell's Gravitas          Tloc           6%         N/A       38%         3
 Lesser Beckoning         Tloc           6%         N/A       38%         3
 Teleport Other           Tloc           6%         N/A       38%         3


Dungeon Overview and Level Annotations

Branches:
Dungeon (7/15) Zot: 26765  Temple (1/1) D:4 Zot: 5893  Bailey (1/1) Zot: 5307

Altars:
Ashenzari
Cheibriados
Dithmenos
Fedhas
Gozag
Hepliaklqana
Makhleb
Nemelex Xobeh
Okawaru
Qazlal
Ru
Sif Muna
Trog
Uskayaw
Vehumet
Wu Jian
Xom
Yredelemnul

Shops:
D:4 [??!*!   D:6 (


Innate Abilities, Weirdness & Mutations

You are partially covered in molten scales. (AC +2)
When hurt, damage is shared between your health and your magic reserves.
You regenerate magic rapidly.
You have a tail ending in a sharp stinger.


Message History

Your orc warrior's corpse dissolves into shadows!
Your orc hits the orc warrior with a +0 dagger.
Your orc priest misses the orc knight.
Unknown command.
Your orc priest looks braver for a moment.
Unknown command.
Unknown command.
Unknown command.
Casting: Stone Arrow (mildly dangerous; 2% risk of failure)
Confirm with . or Enter, or press ? or * to list all spells.
Aiming: Stone Arrow (mildly dangerous; 2% risk of failure)
Press: ? - help, Shift-Dir - straight line, f/p - orc knight
Aim: an orc knight, wielding a +0 war axe and wearing a +0 plate armour (almost dead, ally target, 74% to hit)
The stone arrow misses the orc knight.
Your orc priest dissolves into shadows!
Unknown command.
Unknown command.
Casting: Stone Arrow (mildly dangerous; 2% risk of failure)
Confirm with . or Enter, or press ? or * to list all spells.
Aiming: Stone Arrow (mildly dangerous; 2% risk of failure)
Press: ? - help, Shift-Dir - straight line, f/p - orc knight
Aim: an orc knight, wielding a +0 war axe and wearing a +0 plate armour (almost dead, ally target, 74% to hit)
The stone arrow misses the orc knight.
Unknown command.
Unknown command.
Casting: Stone Arrow (mildly dangerous; 2% risk of failure)
Confirm with . or Enter, or press ? or * to list all spells.
You don't have enough magic to cast this spell.
Unknown command.
Unknown command.
You closely miss the orc knight.
You tail-slap the orc knight, but do no damage.
The orc knight is almost dead.
Your +9 flail of Untimely Demise {spect, rC+ Dex+4} hits the orc knight but does no damage.
The orc knight hits you with a +0 war axe.
* * * LOW HITPOINT WARNING * * *
The orc knight closely misses your orc.
The orc knight hits your +9 flail of Untimely Demise {spect, rC+ Dex+4} with a +0 war axe.
The orc warrior hits you with a +0 war axe!!
You die...

##~.......~#
#####~~......(~~##
#.)..~~.......~~....
#)###~~.......~~###.
#....~~.......~~..
#.###~~.......~~###
#....~~.......~~..
#.###~~.......~~###
#....~~...@...~~..
#.###~~..(oo..~~###
#....~~...o...~~...
#####~~...o...~~##
##~.......~##
####'''####
##.....## #∩.....∩#
#.))8...#


You could see an orc knight (ally target), 2 orc warriors, a friendly +9 flail
of Untimely Demise {spect, rC+ Dex+4} (summoned) and a friendly orc (summoned).

Vanquished Creatures
  Pikel (D:7)
  Joseph (D:7)
  Grinder (D:5)
  Sigmund (D:3)
  Edmund (D:5)
  4 water moccasins
  An orc warrior (Bailey)
  An ice beast (D:6)
  2 sky beasts (D:7)
  An ogre (D:5)
  A centaur (D:5)
  A phantom (D:4)
  A lemure (D:7)
  5 kobold brigands
  2 bullfrogs
  7 scorpions
  2 wights (D:7)
  4 hounds
  A jelly (D:5)
  3 orc priests
  3 orc wizards
  4 iguanas
  4 gnolls (D:3)
  7 adders
  2 worms
  6 dart slugs
  16 orcs
  6 ball pythons
  6 endoplasms
  A giant cockroach (D:2)
  7 goblins
  10 hobgoblins
  2 jackals (D:1)
  3 quokkas
  9 bats
  3 frilled lizards
  12 kobolds
  7 rats
149 creatures vanquished.

Vanquished Creatures (collateral kills)
  3 kobold brigands (Bailey)
3 creatures vanquished.

Vanquished Creatures (others)
  3 plants (D:4)
3 creatures vanquished.

Grand Total: 155 creatures vanquished

Notes
Turn   | Place    | Note
-------+----------+-------------------------------------------
     0 | D:1      | protoss039 the Demonspawn Earth Elementalist began the
                  | quest for the Orb.
     0 | D:1      | Reached XP level 1. HP: 13/13 MP: 3/3
   207 | D:1      | Gained mutation: You regenerate magic rapidly. [demonic
                  | ancestry]
   207 | D:1      | Reached XP level 2. HP: 14/20 MP: 1/5
   540 | D:1      | Reached skill level 1 in Fighting
  1043 | D:2      | Found a faded altar of an unknown god.
  1140 | D:2      | Gained mutation: When hurt, damage is shared between your
                  | health and your magic reserves. [demonic ancestry]
  1140 | D:2      | Reached XP level 3. HP: 26/26 MP: 6/6
  1990 | D:2      | Learned a level 2 spell: Passwall
  1994 | D:2      | Learned a level 3 spell: Stone Arrow
  2046 | D:3      | Noticed Sigmund
  2121 | D:3      | Reached XP level 4. HP: 33/33 MP: 5/8
  2335 | D:3      | Reached skill level 1 in Armour
  2335 | D:3      | Reached skill level 1 in Conjurations
  2494 | D:3      | Reached XP level 5. HP: 38/38 MP: 9/9
  2723 | D:3      | Killed Sigmund
  2724 | D:3      | Gained mutation: You are partially covered in molten
                  | scales. (AC +2) [demonic ancestry]
  2724 | D:3      | Reached XP level 6. HP: 35/46 MP: 6/10
  2869 | D:4      | Found Eris's Distillery.
  2971 | D:4      | Found a staircase to the Ecumenical Temple.
  2992 | Temple   | Entered the Ecumenical Temple
  3094 | Temple   | Became a worshipper of Vehumet
  3224 | D:4      | Reached XP level 7. HP: 47/52 MP: 12/12
  3386 | D:4      | Found a shadowy altar of Dithmenos.
  3632 | D:4      | Found Ralud's Magic Scroll Emporium.
  3639 | D:4      | Found Caerit's Distillery.
  3641 | D:4      | Found Bigaysm's Magic Scroll Shoppe.
  3641 | D:4      | Found Pivuq's Assorted Antiques.
  3643 | D:4      | Found Daqisch's Antique Armour Emporium.
  3647 | D:4      | Bought a scroll of identify for 28 gold pieces
  3647 | D:4      | Bought a scroll of fear for 56 gold pieces
  3647 | D:4      | Bought a scroll of identify for 28 gold pieces
  3647 | D:4      | Bought a scroll of magic mapping for 105 gold pieces
  3647 | D:4      | Bought a scroll of fog for 56 gold pieces
  3798 | D:5      | Entered Level 5 of the Dungeon
  3906 | D:5      | Noticed Edmund
  4226 | D:4      | Gained mutation: You have a small tail. [demonic ancestry]
  4226 | D:4      | Reached XP level 8. HP: 24/60 MP: 5/14
  4435 | D:5      | Reached * piety under Vehumet
  4435 | D:5      | Offered knowledge of Freeze by Vehumet.
  4445 | D:5      | Noticed Grinder
  4451 | D:5      | Paralysed by Grinder for 3 turns
  4454 | D:5      | Killed Grinder
  4455 | D:5      | Reached skill level 5 in Earth Magic
  4672 | D:5      | Reached skill level 5 in Spellcasting
  4769 | D:5      | Killed Edmund
  4770 | D:5      | Reached skill level 5 in Fighting
  4895 | D:5      | Identified the +9 flail of Untimely Demise {spect, rC+
                  | Dex+4}
  5084 | D:5      | Reached skill level 5 in Conjurations
  5168 | D:5      | Found an opulent altar of Gozag.
  5373 | D:6      | Gained mutation: You have a tail ending in a sharp stinger.
                  | [demonic ancestry]
  5373 | D:6      | Reached XP level 9. HP: 64/68 MP: 15/17
  5466 | D:6      | Found Qirep's Weapon Boutique.
  5632 | D:6      | Found a sparkling altar of Nemelex Xobeh.
  5632 | D:6      | Found a sacrificial altar of Ru.
  5947 | D:7      | Noticed Pikel
  5957 | D:7      | Killed Pikel
  5972 | D:7      | Noticed Joseph
  5985 | D:7      | Killed Joseph
  6026 | D:7      | Found a flagged portal.
  6093 | Bailey   | Entered a bailey
  6737 | Bailey   | Noticed an orc knight
  6744 | Bailey   | Reached XP level 10. HP: 56/77 MP: 20/20
  6750 | Bailey   | Offered knowledge of Poisonous Vapours by Vehumet.
  6751 | Bailey   | Reached ** piety under Vehumet
  6762 | Bailey   | Slain by an orc warrior

Illustrated notes

Levels and vault maps discovered:
D:1:      saegor_arrival_simple_b, layout_basic, kennysheep_minor_cross
D:2:      layout_basic, basic_ecumenical_altar
D:3:      layout_basic, nicolae_elevator_lobby_asterisk, uniq_sigmund
D:4:      layout_loops_cross, mainiacjoe_overflow_concentric_impassable,
          minmay_temple_entry_statues_pillars, nicolae_wooded_promenade,
          lexackson_kobold_supper
D:5:      layout_rooms, lemuel_doored_altar, uniq_grinder, uniq_edmund
D:6:      layout_rooms, gammafunk_temple_overflow_statue, serial_shops,
          nicolae_shop_bloodbath_and_beyond, grunt_ministairs_2,
          minmay_misc_feat_ornament, minmay_misc_feat_doors
D:7:      layout_basic, enter_bailey_8, uniq_pikel, uniq_joseph
Temple:   zaba_magenta_temple
Bailey:   bailey_axe_3, bailey

Skill      XL: |  1  2  3  4  5  6  7  8  9 10 |
---------------+-------------------------------+-----
Fighting       | 1 2 3 4 5 6 7 |  7.0
Earth Magic    | 3 4 5 7 |  7.1
Armour         | 1 2 3 |  3.0
Conjurations   | 1 2 3 5 6 |  6.7
Spellcasting   | 3 4 5 6 |  6.8
Dodging        | |  1.7
Stealth        | |  1.7
Transmutations | |  0.8

Action                   |  1- 3 |  4- 6 |  7- 9 | 10-12 || total
-------------------------+-------+-------+-------+-------++-------
Melee: Unarmed           |     1 |       |       |       ||     1
       Short sword       |    57 |    58 |    33 |       ||   148
       Club              |     2 |       |       |       ||     2
       Flail             |       |       |    75 |     2 ||    77
       Tailslap          |       |       |    15 |     1 ||    16
 Cast: Sandblast         |    18 |    48 |    52 |       ||   118
       Stone Arrow       |       |       |    23 |     4 ||    27
  Use: Scroll            |       |     2 |     7 |     1 ||    10
       Potion            |       |       |     3 |       ||     3
 Stab: Sleeping          |     7 |     2 |     2 |       ||    11
       Distracted        |       |       |     1 |       ||     1
Armor: Robe              |    22 |     2 |       |       ||    24
       Leather armour    |       |    38 |    74 |     2 ||   114
Dodge: Dodged            |    48 |    74 |   103 |       ||   225
